 Dungeon Crawl Stone Soup version 0.30-a0-743-gbfdf073431 (webtiles) character file.

Game seed: 3434377178354383173

97 Lavandula the Slasher (level 5, -2/41 HPs)
             Began as a Human Monk on Feb 7, 2023.
             Slain by Grinder (3 damage)
             ... on level 3 of the Dungeon.
             The game lasted 00:02:59 (1575 turns).

Lavandula the Slasher (Human Monk)                  Turns: 1575, Time: 00:03:00

Health: -2/41      AC:  6    Str: 13    XL:     5   Next: 0%
Magic:  5/5        EV: 11    Int: 11    God:
Gold:   75         SH:  0    Dex: 15    Spells: 4/4 levels left

rFire   . . .      SeeInvis .    f - +0 long sword
rCold   . . .      Faith    .    (no shield)
rNeg    . . .      Spirit   .    d - +0 ring mail
rPois   .          Reflect  .    (no helmet)
rElec   .          Harm     .    (no cloak)
rCorr   .          Rampage  .    e - +0 pair of gloves
Will    .....                    (no boots) Stlth
                                 (no amulet)
HPRegen 0.26/turn                (no ring)
MPRegen 0.09/turn                (no ring)

@: confused, ambrosia-drunk
A: no striking features
a: no special abilities


You were on level 3 of the Dungeon.
You visited 1 branch of the dungeon, and saw 3 of its levels.

You collected 75 gold pieces.

Inventory:

Hand Weapons
 a - a +0 falchion
 f - a +0 long sword (weapon)
Armour
 b - a +0 robe
 d - a +0 ring mail (worn)
 e - a +0 pair of gloves (worn)
Scrolls
 h - a scroll of identify {unknown}
 i - a scroll of noise {unknown}
 j - a scroll of poison {unknown}


   Skills:
 - Level 3.0 Fighting
 + Level 5.3 Long Blades
 - Level 3.0 Dodging
 - Level 2.0 Stealth


You had 4 spell levels left.
You didn't know any spells.
Your spell library contained the following spells:

 Spells                   Type           Power      Damage    Failure   Level
 Gell's Gravitas          Tloc           0%         N/A       93%         3
 Portal Projectile        Hex/Tloc       0%         N/A       93%         3
 Teleport Other           Tloc           0%         N/A       93%         3
 Tukima's Dance           Hex            0%         N/A       93%         3
 Blade Hands              Tmut           0%         N/A       100%        5
 Dispersal                Tloc           0%         N/A       100%        6


Dungeon Overview and Level Annotations

Branches:
Dungeon (3/15)

Altars:

Annotations:
D:2 Sigmund
D:3 Grinder


Message History

You can move again.
You hit Grinder.
Grinder is moderately wounded.
Grinder hits you.
You writhe in agony.
Grinder hits you.
You writhe in agony.
You are too injured to fight recklessly!
It was a potion of curing.
You feel better. Grinder barely misses you.
You hit Grinder.
Grinder is heavily wounded.
Grinder hits you but does no damage.
You closely miss Grinder.
Grinder is heavily wounded.
Grinder hits you.
You barely miss Grinder.
Grinder is heavily wounded.
Grinder blinks!
You hit Grinder.
Grinder is heavily wounded.
Grinder gestures at you. Pain shoots through your body!
You hit Grinder.
Grinder is severely wounded.
Grinder gestures at you. Pain shoots through your body!
You slash Grinder!
Grinder is almost dead.
Grinder blinks!
Grinder closely misses you.
You closely miss Grinder.
Grinder is almost dead.
Grinder hits you.
* * * LOW HITPOINT WARNING * * *
You writhe in agony.
* * * LOW HITPOINT WARNING * * *
Grinder hits you.
* * * LOW HITPOINT WARNING * * *
You are confused.
You feel invigorated. Grinder hits you.
* * * LOW HITPOINT WARNING * * *
You writhe in agony.
You die...

#.....##...###.######.#
##)#########........... #.##
#..#.###.#### # ###..#### #..##.#
#.# .# #....†..# #.# #.##..# .#
..#####.###.###.#..# ###.### ##
##......##..#.# #.....#
###...##........# ##.....#
###...####......@.# ####<.....#
.......###......5.#####.........#
................†.......#########
.......###.......†#######
.....#####..###.......#
####.......## #..####.#
.....###...#.##..#
####)†#.....##..####
##...##........)#


You could see Grinder.

Vanquished Creatures
  2 gnolls (D:2)
  An adder (D:3)
  A worm (D:2)
  An orc (D:3)
  5 bats
  2 endoplasms
  8 giant cockroaches
  4 goblins
  7 hobgoblins
  4 jackals (D:1)
  3 kobolds (D:2)
  3 quokkas
  6 ball pythons
  4 frilled lizards
  7 rats
58 creatures vanquished.

Vanquished Creatures (others)
  13 demonic plants (D:2)
  2 fungi (D:2)
  5 plants (D:2)
  4 withered plants (D:2)
24 creatures vanquished.

Grand Total: 82 creatures vanquished

Notes
Turn   | Place    | Note
-------+----------+-------------------------------------------
     0 | D:1      | Lavandula the Human Monk began the quest for the Orb.
     0 | D:1      | Reached XP level 1. HP: 18/18 MP: 1/1
   131 | D:1      | Reached XP level 2. HP: 24/24 MP: 2/2
   345 | D:1      | Reached skill level 4 in Long Blades
   345 | D:1      | Reached XP level 3. HP: 29/29 MP: 3/3
  1211 | D:2      | Reached XP level 4. HP: 30/35 MP: 4/4
  1335 | D:2      | Reached skill level 5 in Long Blades
  1385 | D:2      | Noticed Sigmund
  1489 | D:3      | Reached XP level 5. HP: 35/41 MP: 5/5
  1534 | D:3      | Noticed Grinder
  1563 | D:3      | Paralysed by Grinder for 2 turns
  1574 | D:3      | HP: 2/41 [Grinder (3)]
  1575 | D:3      | Slain by Grinder

Illustrated notes

Levels and vault maps discovered:
D:1:      minmay_arrival_open_corners, layout_loops_ring,
          minmay_worlds_worst_comb
D:2:      layout_loops_cross, shapermc_ecumenical_altar_gd, minmay_heptomino_h4,
          uniq_sigmund
D:3:      layout_rooms, minmay_bisected, uniq_grinder, uniq_ijyb

Skill      XL: |  1  2  3  4 |
---------------+-------------+-----
Long Blades    | 4 5 |  5.3
Fighting       | |  3.0
Dodging        | |  3.0
Stealth        | |  2.0

Action                     |  1- 3 |  4- 6 || total
---------------------------+-------+-------++-------
  Melee: Falchion          |    22 |       ||    22
         Punch             |     1 |       ||     1
         Long sword        |    95 |    72 ||   167
    Use: Potion            |       |     2 ||     2
 Armour: Ring mail         |    43 |    19 ||    62
  Dodge: Dodged            |    80 |    39 ||   119

Table legend: (Time is in decaauts)
 A = Elapsed time spent in this place.
 B = Non-inter-level travel time spent in this place.
 C = Inter-level travel time spent in this place.
 D = Time resting spent in this place.
 E = Time spent auto-exploring this place.
 F = Levels seen in this place.
 G = Mean time per level.
                   A        B        C        D        E       F      G
               +--------+--------+--------+--------+--------+-----+--------+
         Total |   1609 |   1582 |     27 |    212 |    861 |   3 |  536.3 |
       Dungeon |   1609 |   1582 |     27 |    212 |    861 |   3 |  536.3 |
               +--------+--------+--------+--------+--------+-----+--------+

Top non-repeatable levels by time:
     D:1: 906 daAuts
     D:2: 506 daAuts
     D:3: 195 daAuts
